 Dungeon Crawl Stone Soup version 0.31.0-11-ge490571c62 (webtiles) character file.

Game seed: 13499967583967836547

888 RNPValinor the Chopper (level 7, -9/56 HPs)
             Began as an Armataur Fighter on Jan 26, 2024.
             Was a Follower of Okawaru.
             Mangled by an ice beast (14 damage)
             ... on level 5 of the Dungeon.
             The game lasted 00:09:10 (4878 turns).

RNPValinor the Chopper (Armataur Fighter)           Turns: 4878, Time: 00:09:11

Health: -9/56      AC:  8    Str: 23    XL:     7   Next: 77%
Magic:  7/7        EV:  7    Int:  9    God:    Okawaru [*.....]
Gold:   224        SH:  4    Dex:  9    Spells: 6/6 levels left

rFire   . . .        a - +0 war axe
rCold   . . .        c - +0 buckler
rNeg    . . .        b - +0 scale mail
rPois   .            (no helmet)
rElec   .            r - +0 cloak
rCorr   .            (no gloves)
SInv    .            (no barding)
Will    .....        (no amulet) Stlth
                     (no ring)
HPRegen 0.29/turn    (no ring)
MPRegen 0.10/turn

%: roll
@: no status effects
A: large, deformed body, tough skin 3, armoured tail, roll 2
a: Renounce Religion, Heroism


You were on level 5 of the Dungeon.
You worshipped Okawaru.
Okawaru was aware of your devotion.
You visited 2 branches of the dungeon, and saw 6 of its levels.

You collected 224 gold pieces.

Inventory:

Hand Weapons
 a - a +0 war axe (weapon)
Armour
 b - a +0 scale mail (worn)
 c - a +0 buckler (worn)
 r - a +0 cloak (worn)
Jewellery
 j - a ring of ice
Scrolls
 e - 2 scrolls of identify {unknown}
 f - a scroll of enchant weapon {unknown}
 h - 4 scrolls of revelation {unknown}
 k - a scroll of fear {unknown}
 l - 5 scrolls of noise {unknown}
 q - a scroll of summoning {unknown}
 s - a scroll of enchant armour {unknown}
 t - a scroll of vulnerability {unknown}
 v - a scroll of poison {unknown}
Potions
 d - 2 potions of might
 g - 3 potions of mutation {unknown}
 i - 2 potions of curing {unknown}
 m - a potion of heal wounds {unknown}
 n - a potion of lignification {unknown}
 o - a potion of berserk rage {unknown}
 p - a potion of haste {unknown}
 u - a potion of ambrosia {unknown}


   Skills:
 - Level 2.6 Fighting
 * Level 7.6 Axes
 - Level 3.6 Armour
 - Level 3.2 Shields


You had 6 spell levels left.
You didn't know any spells.
Your spell library contained the following spells:

 Spells                   Type           Power      Damage    Failure   Level
 Necrotise                Necr           0%         1d4       77%         1
 Dazzling Flash           Conj/Hex       0%         N/A       98%         3
 Vampiric Draining        Necr           0%         2d6       98%         3
 Volatile Blastmotes      Fire/Tloc      0%         2d10      98%         3
 Curse of Agony           Necr           0%         N/A       100%        5
 Starburst                Conj/Fire      0%         6d3       100%        6
 Maxwell's Capacitive Co  Air            0%         ∞         100%        8
 Martyr's Knell           Necr/Summ      Unusable   N/A       N/A         4

Dungeon Overview and Level Annotations

Branches:
Dungeon (5/15)             Temple (1/1) D:4

Altars:
Ashenzari
Cheibriados
Dithmenos
Elyvilon
Fedhas
Hepliaklqana
Kikubaaqudgha
Makhleb
Nemelex Xobeh
Okawaru
Qazlal
Ru
Sif Muna
Trog
Uskayaw
Vehumet
Wu Jian
Xom
Yredelemnul
Zin
The Shining One


Innate Abilities, Weirdness & Mutations

Armour fits poorly on your strangely shaped body.
You have extremely tough skin. (AC +3)
You have a long armoured tail.
You regenerate magic and health when rolling toward enemies. (Rampage Regen)


Message History

Found a robe.
Found a scroll labelled MUNUERU POOF.
v - a scroll labelled MUNUERU POOF
Things that are here:
a +0 chain mail; a +0 flail You now have 224 gold pieces (gained 12).
Things that are here:
a +0 robe; a +0 dagger You see here a +0 club.
An ice beast comes into view.
Found a stone staircase leading down.
Unknown command.
You roll towards the ice beast!
You barely miss the ice beast.
The ice beast hits you but does no damage.
You closely miss the ice beast. The ice beast hits you.
The ice beast freezes you!
You closely miss the ice beast. The ice beast hits you.
The ice beast freezes you!
You hit the ice beast but do no damage.
The ice beast hits you but does no damage.
You barely miss the ice beast. The ice beast barely misses you.
The ice beast hits you but does no damage.
You barely miss the ice beast. The ice beast barely misses you.
You barely miss the ice beast. The ice beast hits you.
The ice beast freezes you!
You slash the ice beast!
The ice beast is heavily wounded.
The ice beast hits you. The ice beast freezes you.
You barely miss the ice beast.
Your tail-slap misses the ice beast.
The ice beast is heavily wounded.
The ice beast hits you. The ice beast freezes you!
* * * LOW HITPOINT WARNING * * *
You barely miss the ice beast.
You tail-slap the ice beast, but do no damage.
The ice beast is heavily wounded.
The ice beast hits you.
* * * LOW HITPOINT WARNING * * *
The ice beast freezes you!
You die...

#.#.# ##.### #.#.# #.....
#.#.# ####..... #.#.#
#.......<. #######.#.#
#.###..... .###.......#.#
#.# #..... .............#
#.# ###.##
.....######..###########.#
#.# ....##
#....Y@.....##.# #.# .####
#.#########.##.# #.#
#......####.##.#####.#
######...............#
#################


You could see an ice beast.

Vanquished Creatures
  2 ogres (D:4)
  A scorpion (D:4)
  A howler monkey (D:4)
  A jelly (D:5)
  3 hounds (D:4)
  A bombardier beetle (D:4)
  3 orc priests
  A sleepcap (D:3)
  3 iguanas
  5 orc wizards
  6 adders
  2 dart slugs
  A ribbon worm (D:3)
  9 orcs
  2 bats
  9 endoplasms
  A giant cockroach (D:3)
  10 goblins
  9 hobgoblins
  3 quokkas
  9 ball pythons
  2 frilled lizards
  7 kobolds
  5 rats
96 creatures vanquished.

Notes
Turn   | Place    | Note
-------+----------+-------------------------------------------
     0 | D:1      | RNPValinor the Armataur Fighter began the quest for the
                  | Orb.
     0 | D:1      | Reached XP level 1. HP: 18/18 MP: 1/1
    95 | D:1      | Reached skill level 2 in Axes
   109 | D:1      | Reached XP level 2. HP: 15/25 MP: 2/2
   624 | D:1      | Reached XP level 3. HP: 30/30 MP: 3/3
   645 | D:1      | Reached skill level 3 in Axes
  1677 | D:3      | Reached XP level 4. HP: 12/37 MP: 4/4
  2427 | D:4      | Reached skill level 4 in Axes
  2446 | D:4      | Reached XP level 5. HP: 36/42 MP: 5/5
  2475 | D:4      | Found a staircase to the Ecumenical Temple.
  2489 | Temple   | Entered the Ecumenical Temple
  2525 | Temple   | Became a worshipper of Warmaster Okawaru
  2598 | D:4      | Noticed an ogre
  2742 | D:4      | Reached skill level 5 in Axes
  3004 | D:4      | Reached * piety under Okawaru
  3005 | D:4      | Reached XP level 6. HP: 50/50 MP: 6/6
  3318 | D:4      | Reached skill level 6 in Axes
  3502 | D:4      | Gained mutation: You regenerate magic and health when
                  | rolling toward enemies. (Rampage Regen) [Armataur growth]
  3502 | D:4      | Reached XP level 7. HP: 26/56 MP: 7/7
  3882 | D:4      | Reached skill level 7 in Axes
  3987 | D:5      | Entered Level 5 of the Dungeon
  4878 | D:5      | Mangled by an ice beast

Illustrated notes

Levels and vault maps discovered:
D:1:      minmay_arrival_radiant_lines, layout_loops_ring, serial_park_tiny_1,
          chequers_serial_rivers_room_b, st_stairs_8,
          hangedman_decor_diamond_cutter
D:2:      layout_loops_ring, supply_closet_lemuel, st_stairs_13
D:3:      layout_basic
D:4:      layout_basic, temple_statues, kennysheep_big_empty_room
D:5:      layout_loops_ring
Temple:   mainiacjoe_temple_circle_huts

Skill      XL: |  1  2  3  4  5  6  7 |
---------------+----------------------+-----
Axes           | 2 3 4 5 6 7 |  7.6
Fighting       | |  2.6
Armour         | |  3.6
Shields        | |  3.2

Action                     |  1- 3 |  4- 6 |  7- 9 || total
---------------------------+-------+-------+-------++-------
  Melee: War axe           |   155 |   133 |   114 ||   402
         Tailslap          |    12 |    16 |     4 ||    32
 Armour: Scale mail        |   109 |    91 |    95 ||   295
  Dodge: Dodged            |    50 |    40 |    15 ||   105
  Block: Buckler           |    36 |    23 |    15 ||    74
